 Dungeon Crawl Stone Soup version 0.18-a0-1745-gffa9a88 (webtiles) character file.

163 dohliylev the Sneak (level 5, -2/37 HPs)
             Began as a Vampire Enchanter on Apr 11, 2016.
             Killed from afar by an orc wizard (6 damage)
             ... with a magic dart
             ... on level 3 of the Dungeon.
             The game lasted 00:07:40 (2047 turns).

dohliylev the Sneak (Vampire Enchanter)             Turns: 2047, Time: 00:07:41

Health: -2/37      AC:  3    Str:  7    XL:     5   Next: 20%
Magic:  1/8        EV: 13    Int: 17    God:
Gold:   171        SH:  0    Dex: 16    Spells: 2 memorised, 5 levels left

rFire  . . .     SeeInvis +     a - +1 dagger
rCold  . . .     Gourm    .     b - +1 robe
rNeg   . . .     Faith    .     (no shield)
rPois  .         Spirit   .     (no helmet)
rElec  .         Dismiss  .     (no cloak)
rCorr  .         Reflect  .     (no gloves)
SustAt .         Harm     .     (no boots)
MR     .....                    (no amulet)
Stlth  ++++......               (no ring)
                                (no ring)

@: very slightly contaminated, regenerating quickly, not resistant to hostile
enchantments, stealthy
A: fangs 3, see invisible, unbreathing
a: no special abilities


You were on level 3 of the Dungeon.
You were very full.

You visited 1 branch of the dungeon, and saw 3 of its levels.

You collected 171 gold pieces.

Inventory:

Hand Weapons
 a - a +1 dagger (weapon)
 o - a +0 dagger
Missiles
 k - 8 poisoned needles
Armour
 b - a +1 robe (worn)
Jewellery
 m - a cursed -4 ring of protection {unknown}
 p - an uncursed ring of protection from cold {unknown}
Scrolls
 e - 4 scrolls of identify {unknown}
 f - 2 scrolls of remove curse {unknown}
 i - 2 scrolls of teleportation {unknown}
 j - a scroll of enchant armour {unknown}
 l - a scroll of recharging {unknown}
 r - a scroll of noise {unknown}
Potions
 d - 21 potions of blood
 g - 3 potions of might {unknown}
 h - 2 potions of curing {unknown}
 q - 4 potions of agility {unknown}
 s - a potion of berserk rage {unknown}
Books
 c - a book of Maledictions

   Spells                             Type                      Level
   a - Corona                         Hexes                        1
   b - Ensorcelled Hibernation        Hexes/Ice                    2
   c - Confuse                        Hexes                        3
   d - Tukima's Dance                 Hexes                        3
   e - Dazzling Spray                 Conjuration/Hexes            3
 n - Vehumet's Handbook of Battle Magic
   (You found it on level 2 of the Dungeon)

   Spells                             Type                      Level
   a - Magic Dart                     Conjuration                  1


   Skills:
 + Level 1.3 Fighting
 + Level 1.4 Short Blades
 + Level 3.2 Dodging
 + Level 6.8 Stealth
 + Level 2.1 Spellcasting
 + Level 5.4 Hexes


You had 5 spell levels left.
You knew the following spells:

 Your Spells              Type           Power        Failure   Level  Hunger
a - Corona                Hex            ###....      2%          1    #......
b - Ensorcelled Hibernat  Hex/Ice        ##....       12%         2    ###....


Dungeon Overview and Level Annotations

Branches:
Dungeon (3/15)

Altars:
Kikubaaqudgha
Sif Muna
Vehumet


Innate Abilities, Weirdness & Mutations

Your natural rate of healing is unusually fast.
You have razor-sharp teeth.
You have supernaturally acute eyesight.
You can survive without breathing.


Message History

You barely miss the orc wizard.
The orc wizard is severely wounded.
The orc wizard barely misses you.
You hit the orc wizard but do no damage.
The orc wizard is severely wounded.
The orc wizard gestures wildly while chanting.
The orc wizard seems to speed up.
You hit the orc wizard but do no damage.
The orc wizard is severely wounded.
The orc wizard barely misses you.
You hit the orc wizard but do no damage.
The orc wizard is severely wounded.
The orc wizard hits you with a dagger.
* * * LOW HITPOINT WARNING * * *
The orc wizard hits you but does no damage.
You hit the orc wizard.
The orc wizard is almost dead.
The orc wizard points at you and mumbles some strange words.
The magic dart hits you!
You die...

######.#..# #.# #.# #
..........# ..## #.# #
.........## #..# #.#
.........# ###.### #.#
.........## #.....# #.#
..........# #.....# #.#
###.###.#.### .....#
#####.# #.#
###...#####..#
#.....#### #.#
#........o@.#
#.######..
#.###.......##### #.#
#.. #.##.......^# #.#
##.. .......(....###
#.# ##...
#...##.........# #.#
#.... #.##
#.......#.#### ##.#
#.... # #####........#
#..# #....
###......####.#####....
#......))............


You could see an orc wizard (invisible).

Vanquished Creatures
  A gnoll (D:3)
  6 adders
  2 oozes (D:1)
  2 worms (D:3)
  A dart slug (D:3)
  A giant gecko (D:3)
  5 orcs (D:3)
  2 ball pythons
  6 bats
  2 giant cockroaches
  3 goblins
  8 hobgoblins
  3 jackals (D:3)
  4 kobolds
  A quokka (D:2)
  4 giant newts
  39 rats
90 creatures vanquished.

Notes
Turn   | Place    | Note
--------------------------------------------------------------
     0 | D:1      | dohliylev the Vampire Enchanter began the quest for the Orb.
     0 | D:1      | Reached XP level 1. HP: 13/13 MP: 3/3
    85 | D:1      | Reached XP level 2. HP: 15/19 MP: 5/5
    89 | D:1      | Learned a level 2 spell: Ensorcelled Hibernation
   302 | D:1      | Reached skill level 5 in Stealth
   726 | D:1      | Reached skill level 5 in Hexes
   726 | D:1      | Reached XP level 3. HP: 24/24 MP: 6/6
   968 | D:2      | Reached skill level 6 in Stealth
  1058 | D:2      | Found a radiant altar of Vehumet.
  1061 | D:2      | Identified Vehumet's Handbook of Battle Magic
  1063 | D:2      | Found an ancient bone altar of Kikubaaqudgha.
  1070 | D:2      | Found a deep blue altar of Sif Muna.
  1073 | D:2      | Reached XP level 4. HP: 31/31 MP: 7/7
  1698 | D:3      | Reached skill level 1 in Fighting
  1900 | D:3      | Reached XP level 5. HP: 31/37 MP: 5/8
  2047 | D:3      | Killed from afar by an orc wizard

Vault maps used:
D:1:      erik_arrival_blinker_ship
D:2:      grunt_temple_overflow_magic_moments, first_bread
D:3:      minmay_rats_cheesy_pizza

Skill      XL: |  1  2  3  4 |
---------------+-------------+-----
Stealth        | 5 6 |  6.8
Hexes          | 5 |  5.4
Dodging        | 3 |  3.2
Fighting       | 1 |  1.3
Short Blades   | |  1.4
Spellcasting   | |  2.1

Action                   |  1- 3 |  4- 6 || total
-------------------------+-------+-------++-------
Melee: Dagger            |    64 |   171 ||   235
Throw: Tomahawk          |       |     5 ||     5
 Cast: Ensorcelled Hiber |     5 |    13 ||    18
 Stab: Sleeping          |    16 |    21 ||    37
  Eat: Corpse            |     7 |     8 ||    15
